 Dungeon Crawl Stone Soup version 0.23.0 (webtiles) character file.

Game seed: 5635174262764919310

410 IcyTea the Firebug (level 6, -4/45 HPs)
             Began as a Draconian Fire Elementalist on Feb 8, 2019.
             Slain by a crocodile (22 damage)
             ... in a sewer.
             The game lasted 00:10:02 (4333 turns).

IcyTea the Firebug (Draconian Fire Elementalist)    Turns: 4333, Time: 00:10:02

Health: -4/45      AC:  9    Str: 14    XL:     6   Next: 58%
Magic:  0/9        EV: 12    Int: 17    God:
Gold:   224        SH:  0    Dex: 11    Spells: 0/9 levels left

rFire    . . .     SeeInvis .   o - +1 mace
rCold    . . .     Gourm    .   (no shield)
rNeg     . . .     Faith    .   (armour unavailable)
rPois    .         Spirit   .   (helmet restricted)
rElec    .         Reflect  .   n - +0 cloak
rCorr    .         Harm     +   j - +1 pair of gloves
MR       .....                  (no boots)
Stlth    ++........             e - amulet of harm
HPRegen  0.15/turn              q - +3 ring of strength
MPRegen  0.11/turn              (no ring)

@: no status effects
A: unfitting armour, cold-blooded, AC +6
a: no special abilities


You were in a sewer.
You were not hungry.

You visited 1 branch of the dungeon, and saw 5 of its levels.
You also visited: Sewer.

You collected 224 gold pieces.

Inventory:

Hand Weapons
 o - a +1 mace (weapon)
Armour
 j - a +1 pair of gloves (worn)
 n - a +0 cloak (worn)
Jewellery
 e - an amulet of harm (around neck)
 q - a +3 ring of strength (left hand)
Scrolls
 g - 2 scrolls of immolation {unknown}
 h - a scroll of enchant weapon
 l - 3 scrolls of teleportation
 m - 4 scrolls of magic mapping {unknown}
 r - a scroll of remove curse {unknown}
 s - a scroll of enchant armour
 t - 2 scrolls of identify
 u - a scroll of amnesia {unknown}
 w - a scroll of random uselessness {unknown}
Potions
 a - a potion of curing {unknown}
 c - a potion of agility {unknown}
 d - a potion of lignification {unknown}
 f - a potion of might {unknown}
 i - a potion of flight {unknown}
 k - a potion of berserk rage {unknown}
 p - 2 potions of brilliance {unknown}
 v - a potion of invisibility {unknown}
 z - a potion of degeneration {unknown}
Comestibles
 b - 8 rations


   Skills:
 - Level 1.7 Dodging
 - Level 1.7 Stealth
 - Level 2.0 Spellcasting
 + Level 2.8 Conjurations
 - Level 7.0 Fire Magic


You couldn't memorise any spells.
You knew the following spells:

 Your Spells              Type           Power        Failure   Level  Hunger
a - Flame Tongue          Conj/Fire      ###..        2%          1    #......
b - Conjure Flame         Conj/Fire      ###.....     8%          3    ###....
c - Fireball              Conj/Fire      ###.......   58%         5    ######.

Your spell library contained the following spells:

 Spells                   Type           Power        Failure   Level  Hunger
 Throw Flame              Conj/Fire      ###...       4%          2    ###....
 Inner Flame              Hex/Fire       ##......     14%         3    ###....
 Sticky Flame             Conj/Fire      ###.....     26%         4    #####..


Dungeon Overview and Level Annotations

Branches:
Dungeon (5/15)
 Temple: D:4-7

Altars:
Vehumet
Yredelemnul


Innate Abilities, Weirdness & Mutations

Your plain brown scales are hard. (AC +6)
You cannot fit into any form of body armour.
You are cold-blooded and may be slowed by cold attacks.


Message History

Press: ? - help, Shift-Dir - straight line, f/p - crocodile
Aim: a crocodile (heavily wounded)
The flame tongue misses the crocodile.
The crocodile bites you!
Casting: Flame Tongue (safe; 2% risk of failure)
Confirm with . or Enter, or press ? or * to list all spells.
Aiming: Flame Tongue (safe; 2% risk of failure)
Press: ? - help, Shift-Dir - straight line, f/p - crocodile
Aim: a crocodile (heavily wounded)
The flame tongue hits the crocodile.
The crocodile is heavily wounded.
The crocodile bites you!
Casting: Flame Tongue (safe; 2% risk of failure)
Confirm with . or Enter, or press ? or * to list all spells.
Aiming: Flame Tongue (safe; 2% risk of failure)
Press: ? - help, Shift-Dir - straight line, f/p - crocodile
Aim: a crocodile (heavily wounded)
The flame tongue hits the crocodile.
The crocodile is severely wounded.
The crocodile bites you!!
You die...

## ## ##
#?$#. (
!≈#≈#.
#..≈#
##≈.t##
#..≈@.#
#.≈≈..##
#...#≈..#
#..###..##
#.≈. #...#
#.≈ ##..#
#. #..#
#.≈ #..#
#≈≈# ##.≈#


You could see a crocodile.

Vanquished Creatures
  An ogre (D:3)
  A hound (D:4)
  A bullfrog skeleton (D:5)
  2 orc wizards
  2 iguanas (D:4)
  A worker ant (D:5)
  9 adders
  A worm (D:2)
  5 leopard geckos
  5 orcs
  4 bats
  2 giant cockroaches (D:5)
  4 goblins
  3 hobgoblins
  2 jackals (Sewer)
  3 quokkas
  2 ball pythons
  A frilled lizard (D:2)
  7 kobolds
  3 rats
  A spectral orc (D:3)
60 creatures vanquished.

Vanquished Creatures (others)
  A hobgoblin (D:3)
1 creature vanquished.

Grand Total: 61 creatures vanquished

Notes
Turn   | Place    | Note
-------+----------+-------------------------------------------
     0 | D:1      | IcyTea the Draconian Fire Elementalist began the quest for
                  | the Orb.
     0 | D:1      | Reached XP level 1. HP: 14/14 MP: 3/3
   842 | D:2      | Reached XP level 2. HP: 20/20 MP: 5/5
  1184 | D:2      | Reached skill level 4 in Fire Magic
  1299 | D:2      | Reached XP level 3. HP: 25/26 MP: 3/6
  1764 | D:2      | Reached skill level 5 in Fire Magic
  1764 | D:2      | Reached XP level 4. HP: 18/33 MP: 3/7
  2510 | D:3      | Found a basalt altar of Yredelemnul.
  2661 | D:3      | Found a radiant altar of Vehumet.
  2661 | D:3      | Noticed an ogre
  2739 | D:3      | Killed an ogre
  2739 | D:3      | Reached skill level 6 in Fire Magic
  2739 | D:3      | Reached XP level 5. HP: 7/38 MP: 0/8
  3465 | D:4      | Reached XP level 6. HP: 45/45 MP: 5/9
  3470 | D:4      | Learned a level 3 spell: Conjure Flame
  3521 | D:4      | Learned a level 5 spell: Fireball
  3775 | D:4      | Reached skill level 7 in Fire Magic
  4029 | D:5      | Entered Level 5 of the Dungeon
  4058 | D:5      | Found a glowing drain.
  4226 | Sewer    | Entered a sewer
  4333 | Sewer    | Slain by a crocodile

Skill      XL: |  1  2  3  4  5  6 |
---------------+-------------------+-----
Fire Magic     | 4 5 6 7 |  7.0
Conjurations   | 2 |  2.8
Dodging        | |  1.7
Stealth        | |  1.7
Spellcasting   | |  2.0

Action                   |  1- 3 |  4- 6 || total
-------------------------+-------+-------++-------
Melee: Club              |    15 |       ||    15
       Short sword       |    38 |       ||    38
       Tailslap          |     7 |     6 ||    13
       Unarmed           |     1 |       ||     1
       Mace              |     8 |    76 ||    84
 Cast: Flame Tongue      |    22 |    56 ||    78
  Use: Scroll            |     5 |       ||     5
 Stab: Sleeping          |     2 |     2 ||     4
  Eat: Chunk             |     3 |     9 ||    12
Armor: Skin              |    27 |    50 ||    77
Dodge: Dodged            |    66 |    81 ||   147
